 Dungeon Crawl Stone Soup version 0.31.0-11-ge490571c62 (webtiles) character file.

Game seed: 12479660327018589170

2107 qw the Skirmisher (level 9, -6/44 HPs)
             Began as a Spriggan Hunter on Feb 4, 2024.
             Was an Initiate of Okawaru.
             Mangled by a killer bee (7 damage)
             ... on level 7 of the Dungeon.
             The game lasted 00:00:22 (4544 turns).

qw the Skirmisher (Spriggan Hunter)                 Turns: 4544, Time: 00:00:22

Health: -6/44      AC:  2    Str:  7    XL:     9   Next: 7%
Magic:  10/10      EV: 26    Int: 11    God:    Okawaru [......]
Gold:   313        SH:  0    Dex: 22    Spells: 8/8 levels left

rFire   . . .        m - +1 orcbow
rCold   + . .        (shield currently unavailable)
rNeg    . . .        c - +0 robe
rPois   .            (helmet restricted)
rElec   +            (no cloak)
rCorr   .            (gloves unavailable)
SInv    +            (boots unavailable)
Will    ++...        d - amulet of faith
Stlth   ++           f - ring of Xom's Entertainment {rElec rC+ Will+ SInv}
HPRegen 0.27/turn    (no ring)
MPRegen 0.12/turn

%: faith
@: lethally poisoned (-6 -> -17), very quick
A: very small, no large weapons, unfitting armour, see invisible, speed 3
a: Renounce Religion


You were on level 7 of the Dungeon.
You worshipped Okawaru.
Okawaru was noncommittal.
You visited 2 branches of the dungeon, and saw 8 of its levels.

You collected 313 gold pieces.


Innate Abilities, Weirdness & Mutations

You are very small and have problems with some larger weapons.
You are too small for most types of armour.
You have supernaturally acute eyesight. (SInv)
You cover ground extremely quickly. (Speed+++)


   Skills:
 - Level 3.2 Fighting
 + Level 9.9 Ranged Weapons
 - Level 9.6 Dodging
 - Level 1.5 Stealth


You had 8 spell levels left.
You didn't know any spells.
Your spell library was empty.

Inventory:

Hand Weapons
 m - a +1 orcbow (weapon)
Armour
 c - a +0 robe (worn)
Jewellery
 d - an amulet of faith (around neck)
 f - the ring of Xom's Entertainment (left hand) {rElec rC+ Will+ SInv}
   (You acquired it on level 5 of the Dungeon)

   [ring of willpower]

   rC+:       It protects you from cold.
   rElec:     It insulates you from electricity.
   Will+:     It increases your willpower.
   SInv:      It lets you see invisible.
 i - an amulet of guardian spirit
Wands
 j - a wand of paralysis (5)
 l - a wand of acid (7)
Scrolls
 k - a scroll of enchant armour
Potions
 e - a potion of might
 g - a potion of mutation
 h - a potion of haste

Dungeon Overview and Level Annotations

Branches:
Dungeon (7/15)             Temple (1/1) D:6

Altars:
Ashenzari
Cheibriados
Dithmenos
Elyvilon
Fedhas
Gozag
Hepliaklqana
Kikubaaqudgha
Makhleb
Nemelex Xobeh
Okawaru
Qazlal
Ru
Sif Muna
Trog
Uskayaw
Vehumet
Wu Jian
Xom
Yredelemnul
Zin
The Shining One

Shops:
D:1 *   D:6 =


Message History

Okawaru accepts your kill.
You feel sick. The killer bee misses you.
The killer bee completely misses you. x2
The killer bee stings you.
You are more poisoned.
The killer bee poisons you!
You shoot an arrow. The arrow misses the killer bee.
You feel sick. The killer bee misses you. The killer bee completely misses you.
The killer bee stings you.
You are more poisoned.
The killer bee poisons you! The killer bee misses you.
You shoot an arrow. The arrow hits the killer bee.
The killer bee is moderately wounded.
You feel very sick. The killer bee completely misses you.
The killer bee misses you. x2
The killer bee closely misses you.
You shoot an arrow. The arrow barely misses the killer bee.
You feel very sick. The killer bee closely misses you.
The killer bee completely misses you. The killer bee barely misses you.
The killer bee misses you.
You shoot an arrow.
The arrow completely misses the killer bee.
You feel sick.
The killer bee completely misses you. x3
The killer bee misses you.
You shoot an arrow. The arrow barely misses the killer bee.
You feel sick. The killer bee closely misses you. The killer bee misses you.
The killer bee completely misses you. x2
You shoot an arrow. The arrow hits the killer bee!
The killer bee is almost dead.
You feel sick. The killer bee barely misses you. The killer bee misses you.
The killer bee completely misses you. The killer bee misses you.
You shoot an arrow. The arrow hits the killer bee.
The killer bee is almost dead.
You feel sick.
The killer bee completely misses you. x2
The killer bee misses you. The killer bee stings you!
You are more poisoned.
The killer bee poisons you!
You shoot an arrow. The arrow misses the killer bee.
You feel very sick. The killer bee stings you!
You die...

#........
##......<.
#.........
#........#
#......).#
#........#
#%......#
#.y.....#
#@y....##
###..###
###


You could see 2 killer bees.

Vanquished Creatures
  Sigmund (D:4)
  A wyvern (D:6)
  A water moccasin (D:5)
  An orc warrior (D:7)
  An ice beast (D:5)
  A sky beast (D:5)
  An ogre (D:4)
  3 phantoms
  A bullfrog (D:6)
  3 scorpions
  2 killer bees (D:7)
  2 bombardier beetles (D:4)
  A jelly (D:6)
  4 hounds
  2 sleepcaps (D:6)
  7 iguanas
  5 orc wizards
  13 adders
  3 white imps
  4 dart slugs
  2 ribbon worms
  9 orcs
  9 endoplasms
  2 giant cockroaches
  7 goblins
  6 hobgoblins
  5 quokkas
  9 ball pythons
  13 bats
  2 frilled lizards (D:2)
  4 kobolds
  4 rats
129 creatures vanquished.

Notes
Turn   | Place    | Note
-------+----------+-------------------------------------------
     0 | D:1      | qw the Spriggan Hunter began the quest for the Orb.
     0 | D:1      | Reached XP level 1. HP: 10/10 MP: 2/2
     0 | D:1      | 0 ||| qw: Version: 0.3-a-160-g6735b56
     0 | D:1      | 0 ||| qw: Game counter: 5544
     0 | D:1      | 0 ||| qw: Melee chars always use a shield: true
     0 | D:1      | 0 ||| qw: God list: Okawaru
     0 | D:1      | 0 ||| qw: Allow faded altars: false
     0 | D:1      | 0 ||| qw: Do Orc after clearing Dungeon:15 true
     0 | D:1      | 0 ||| qw: Do second Lair branch before Depths: true
     0 | D:1      | 0 ||| qw: Lair rune preference: random
     0 | D:1      | 0 ||| qw: Goals: Normal
     0 | D:1      | 0 ||| PLANNING D:1-11
    69 | D:1      | Found Bessajuaw's Assorted Antiques.
    71 | D:1      | Reached skill level 3 in Dodging
    83 | D:1      | 83 ||| SHOPLISTING scroll labelled CUOJIR OBBENUISCH (22
                  | gold, have 3).
    83 | D:1      | 83 ||| SHOPLISTING scroll labelled GUDITIDWYMOER (22 gold,
                  | have 3).
    83 | D:1      | 83 ||| SHOPLISTING scroll labelled HEMAUV ZOLEA (22 gold,
                  | have 3).
   136 | D:1      | Reached XP level 2. HP: 14/14 MP: 3/3
   475 | D:1      | 475 ||| READING scroll labelled EGOTI PEQE WELE.
   475 | D:1      | 475 ||| ENCHANTING +0 shortbow.
   476 | D:1      | 476 ||| READING scroll labelled NAONEMMA IHONITO.
   479 | D:1      | 479 ||| DRINKING 2 fuming blue potions.
   480 | D:1      | 480 ||| DROPPING scroll of butterflies.
   481 | D:1      | 481 ||| DROPPING potion of magic.
   577 | D:2      | Reached XP level 3. HP: 17/18 MP: 4/4
  1137 | D:2      | 1137 ||| DROPPING ring of flight.
  1138 | D:2      | 1138 ||| READING 3 scrolls labelled CUOJIR OBBENUISCH.
  1138 | D:2      | 1138 ||| IDENTIFYING sedimented golden potion
  1139 | D:2      | 1139 ||| READING 2 scrolls of identify.
  1139 | D:2      | 1139 ||| IDENTIFYING ruby potion
  1140 | D:2      | 1140 ||| READING scroll of identify.
  1140 | D:2      | 1140 ||| IDENTIFYING yellow potion
  1141 | D:2      | 1141 ||| READING scroll labelled QAARUG QIOKHLO.
  1142 | D:2      | 1142 ||| READING scroll labelled YPSAXT EM SOO.
  1143 | D:2      | 1143 ||| READING scroll labelled SUYCEWOHIA.
  1144 | D:2      | 1144 ||| DROPPING potion of lignification.
  1171 | D:3      | Reached XP level 4. HP: 22/22 MP: 5/5
  1891 | D:3      | 1891 ||| UPGRADING to amulet of guardian spirit.
  1896 | D:3      | 1896 ||| READING scroll of identify.
  1896 | D:3      | 1896 ||| IDENTIFYING metallic orange potion
  1897 | D:3      | 1897 ||| READING scroll labelled UHIDEAF CIMN.
  1897 | D:3      | 1897 ||| BRANDING +1 shortbow.
  1898 | D:3      | 1898 ||| DROPPING potion of brilliance.
  1927 | D:4      | 1927 ||| READING scroll of brand weapon.
  1927 | D:4      | 1927 ||| BRANDING +1 shortbow of freezing.
  1946 | D:4      | Noticed a scorpion
  1950 | D:4      | Killed a scorpion
  1950 | D:4      | Noticed an ogre
  1951 | D:4      | Reached XP level 5. HP: 26/26 MP: 6/6
  1958 | D:4      | Killed an ogre
  1959 | D:4      | Reached skill level 6 in Ranged Weapons
  1959 | D:4      | Reached XP level 6. HP: 19/30 MP: 4/7
  2056 | D:4      | Reached skill level 6 in Dodging
  2457 | D:4      | Noticed Sigmund
  2459 | D:4      | 2459 ||| RETREEEEATING.
  2462 | D:4      | Killed Sigmund
  2463 | D:4      | Reached XP level 7. HP: 35/35 MP: 8/8
  2636 | D:4      | 2636 ||| UPGRADING to amulet of faith.
  2646 | D:4      | 2646 ||| READING 3 scrolls of identify.
  2646 | D:4      | 2646 ||| IDENTIFYING pink potion
  2674 | D:5      | Entered Level 5 of the Dungeon
  2890 | D:5      | Reached skill level 3 in Fighting
  2890 | D:5      | Reached XP level 8. HP: 15/40 MP: 9/9
  3262 | D:5      | HP: 10/40 [hound (3)]
  3263 | D:5      | 3263 ||| READING 3 scrolls of teleportation.
  3455 | D:5      | 3455 ||| READING 2 scrolls of identify.
  3455 | D:5      | 3455 ||| IDENTIFYING fizzy black potion
  3456 | D:5      | 3456 ||| READING scroll of identify.
  3456 | D:5      | 3456 ||| IDENTIFYING scroll labelled ASELAI HIMOPI
  3456 | D:5      | Identified a scroll of acquirement
  3457 | D:5      | 3457 ||| READING scroll of acquirement.
  3457 | D:5      | 3457 ||| ACQUIRING ring of Xom's Entertainment {rElec rC+
                  | Will+ SInv}
  3457 | D:5      | Acquired the ring of Xom's Entertainment {rElec rC+ Will+
                  | SInv}
  3459 | D:5      | 3459 ||| UPGRADING to ring of Xom's Entertainment {rElec
                  | rC+ Will+ SInv}.
  3460 | D:5      | 3460 ||| READING scroll labelled TOMPIOGONE.
  3461 | D:5      | 3461 ||| READING scroll labelled KOGANI RIFOXT.
  3462 | D:5      | 3462 ||| DROPPING potion of attraction.
  3496 | D:6      | Found Vuciutuo's Jewellery Emporium.
  3498 | D:6      | 3498 ||| STAIRDANCE
  3523 | D:6      | 3523 ||| SHOPLISTING +4 ring of protection (432 gold, have
                  | 233).
  3523 | D:6      | 3523 ||| SHOPLISTING amulet of Generosity {RegenMP rPois
                  | rC+++ Int-2 Dex+2} (914 gold, have 233).
  3523 | D:6      | 3523 ||| SHOPLISTING amulet of the acrobat (360 gold, have
                  | 233).
  3523 | D:6      | 3523 ||| SHOPLISTING ring of fire (300 gold, have 233).
  3523 | D:6      | 3523 ||| SHOPLISTING ring of protection from cold (300
                  | gold, have 233).
  3523 | D:6      | 3523 ||| SHOPLISTING ring of protection from fire (300
                  | gold, have 233).
  3547 | D:6      | Reached skill level 9 in Ranged Weapons
  3639 | D:6      | Reached skill level 9 in Dodging
  3735 | D:6      | 3735 ||| SWAPPING to +0 orcbow.
  3736 | D:6      | 3736 ||| DROPPING +1 heavy shortbow.
  3762 | D:6      | 3762 ||| READING scroll of enchant weapon.
  3762 | D:6      | 3762 ||| ENCHANTING +0 orcbow.
  4006 | D:6      | Found a staircase to the Ecumenical Temple.
  4007 | D:6      | 4007 ||| PLANNING TEMPLE
  4047 | D:6      | 4047 ||| READING 2 scrolls of identify.
  4047 | D:6      | 4047 ||| IDENTIFYING scroll labelled BAGINOOMUY
  4048 | D:6      | 4048 ||| READING scroll of identify.
  4048 | D:6      | 4048 ||| IDENTIFYING scroll labelled KESTRO VO KUFAT
  4049 | D:6      | 4049 ||| DROPPING scroll of amnesia.
  4056 | Temple   | Entered the Ecumenical Temple
  4057 | Temple   | 4057 ||| PLANNING OKAWARU WORSHIP
  4076 | Temple   | Became a worshipper of Warmaster Okawaru
  4077 | Temple   | 4077 ||| PLANNING D:1-11
  4224 | D:6      | Found an ornate altar of the Wu Jian Council.
  4259 | D:6      | Found a glowing silver altar of Zin.
  4259 | D:6      | Found a hazy altar of Hepliaklqana.
  4391 | D:7      | HP: 4/40 [orc warrior/+0 war axe (10)]
  4392 | D:7      | 4392 ||| READING 2 scrolls of teleportation.
  4394 | D:7      | Reached XP level 9. HP: 5/44 MP: 10/10
  4396 | D:7      | 4396 ||| READING scroll of teleportation.
  4397 | D:7      | 4397 ||| RETREEEEATING.
  4398 | D:7      | 4398 ||| RETREEEEATING.
  4399 | D:7      | 4399 ||| RETREEEEATING.
  4400 | D:7      | 4400 ||| RETREEEEATING.
  4401 | D:7      | 4401 ||| RETREEEEATING.
  4528 | D:7      | 4528 ||| RETREEEEATING.
  4529 | D:7      | 4529 ||| RETREEEEATING.
  4542 | D:7      | HP: 11/44 [poisoned by a killer bee]
  4543 | D:7      | HP: 3/44 [killer bee (7)]
  4544 | D:7      | HP: 1/44 [poisoned by a killer bee]
  4544 | D:7      | Mangled by a killer bee

Levels and vault maps discovered:
D:1:      eino_arrival_tree_alley, layout_rooms, serial_shops, shop
D:2:      layout_basic, nrook_mini_vaults, fountainhead, minmay_between
D:3:      layout_basic, st_stairs_4
D:4:      layout_basic, uniq_sigmund
D:5:      layout_cave_pools, minivault_11, serial_bayou_pond_e,
          minmay_misc_feat_hallway, kennysheep_minor_cross,
          kennysheep_generic_room_7
D:6:      layout_loops_cross, minitemple, temple_green,
          kennysheep_decorative_pillar, minmay_shop_grid_forest
D:7:      layout_cave_pods, hex_medium, uniq_prince_ribbit1
Temple:   nicolae_temple_bog_church

Skill      XL: |  1  2  3  4  5  6  7  8 |
---------------+-------------------------+-----
Dodging        | 3 4 5 7 9 |  9.6
Ranged Weapons | 5 6 7 8 9 |  9.9
Fighting       | 2 3 |  3.2
Stealth        | |  1.5

Action                     |  1- 3 |  4- 6 |  7- 9 || total
---------------------------+-------+-------+-------++-------
   Fire: Shortbow          |   112 |   117 |   127 ||   356
         Orcbow            |       |       |    81 ||    81
    Use: Scroll            |     8 |     3 |    12 ||    23
         Potion            |     1 |       |       ||     1
 Armour: Robe              |    10 |     9 |    31 ||    50
  Dodge: Dodged            |    38 |    46 |   186 ||   270

Table legend:
 A = Non-vault XP
 B = Vault XP
 C = Vault XP percentage of total XP
 D = Non-vault monster count
 E = Vault monster count
 F = Vault count percentage of total count
                 A         B        C        D         E       F
            +---------+---------+-------+---------+---------+-------
      Total |    2566 |     444 |  14.8 |     118 |      11 |   8.5
            +---------+---------+-------+---------+---------+-------
        D:1 |      31 |       0 |   0.0 |      19 |       0 |   0.0
        D:2 |      46 |      19 |  29.2 |      22 |       5 |  18.5
        D:3 |      46 |       8 |  14.8 |      11 |       3 |  21.4
        D:4 |     632 |     214 |  25.3 |      26 |       1 |   3.7
        D:5 |     747 |     203 |  21.4 |      19 |       2 |   9.5
        D:6 |     764 |       0 |   0.0 |      15 |       0 |   0.0
        D:7 |     300 |       0 |   0.0 |       6 |       0 |   0.0
            +---------+---------+-------+---------+---------+-------
